 Dungeon Crawl Stone Soup version 0.19-a0-1254-gb9c29c0 (webtiles) character file.

7333 epen the Spear-Bearer (level 11, -6/77 HPs)
             Began as a Merfolk Monk on Aug 27, 2016.
             Was a High Priest of Hepliaklqana.
             Mangled by a frost giant
             ... wielding a +0 battleaxe of freezing
              (14 damage)
             ... on level 10 of the Dungeon.
             The game lasted 00:17:58 (11143 turns).

epen the Spear-Bearer (Merfolk Monk)               Turns: 11143, Time: 00:17:59

Health: -6/77      AC: 22    Str: 12    XL:     11   Next: 13%
Magic:  18/18      EV:  6    Int: 11    God:    Hepliaklqana [*****.]
Gold:   550        SH:  0    Dex: 16    Spells: 0 memorised, 10 levels left

rFire  . . .     SeeInvis .     t - +1 halberd
rCold  . . .     Gourm    .     f - +9 plate armour "Yviam" {rCorr Str-4 Int+2}
rNeg   . . .     Faith    .     (shield currently unavailable)
rPois  .         Spirit   .     (no helmet)
rElec  .         Dismiss  .     (no cloak)
rCorr  +         Reflect  .     (no gloves)
MR     +....     Harm     .     (no boots)
Stlth  ..........               (no amulet)
                                w - ring of wizardry
                                k - ring of protection from magic

@: about to teleport, slowed, very slow
A: change form in water, swift swim, stealthy swim
a: Recall Ancestor, Ancestor Identity, Transference, Idealise, Renounce Religion


You were on level 10 of the Dungeon.
You worshipped Hepliaklqana.
Hepliaklqana was extremely pleased with you.
You were not hungry.

You visited 2 branches of the dungeon, and saw 11 of its levels.

You collected 550 gold pieces.

Inventory:

Hand Weapons
 a - a +0 spear
 t - a +1 halberd (weapon)
 F - a +3 scimitar of flaming
Armour
 b - a +1 robe
 f - the +9 plate armour "Yviam" (worn) {rCorr Str-4 Int+2}
   (You took it off an orc on level 6 of the Dungeon)

   It affects your strength (-4).
   It affects your intelligence (+2).
   It protects you from acid and corrosion.
 z - a +0 leather armour
Jewellery
 k - a ring of protection from magic (left hand)
 w - a ring of wizardry (right hand)
Wands
 r - a wand of disintegration (21/24)
 y - a wand of iceblast (5/15)
 B - a wand of heal wounds (7/9)
Scrolls
 d - 2 scrolls of enchant weapon
 e - 10 scrolls of identify
 g - 6 scrolls of remove curse
 i - 2 scrolls of teleportation
 j - a scroll of amnesia
 m - 2 scrolls of magic mapping
 A - a scroll of recharging
Potions
 h - a potion of haste
 p - 6 potions of degeneration
 q - a potion of berserk rage {unknown}
 s - a potion of flight
 u - 3 potions of heal wounds
 v - a potion of agility {unknown}
 C - 2 potions of curing
 D - 2 potions of might {unknown}
 E - a potion of lignification {unknown}
Books
 l - a book of Transfigurations

   Spells                             Type                      Level
   a - Irradiate                      Conjuration/Transmutation    5
   b - Statue Form                    Transmutation/Earth          6
   c - Hydra Form                     Transmutation                6
   d - Dragon Form                    Transmutation                7
 n - a book of Maledictions

   Spells                             Type                      Level
   a - Corona                         Hexes                        1
   b - Ensorcelled Hibernation        Hexes/Ice                    2
   c - Confuse                        Hexes                        3
   d - Tukima's Dance                 Hexes                        3
   e - Dazzling Spray                 Conjuration/Hexes            3
 I - a book of Flames

   Spells                             Type                      Level
   a - Flame Tongue                   Conjuration/Fire             1
   b - Throw Flame                    Conjuration/Fire             2
   c - Conjure Flame                  Conjuration/Fire             3
   d - Inner Flame                    Hexes/Fire                   3
   e - Sticky Flame                   Conjuration/Fire             4
   f - Fireball                       Conjuration/Fire             5
Miscellaneous
 G - a fan of gales
Comestibles
 c - 4 bread rations
 o - 4 meat rations
 x - 4 beef jerkies
 H - 7 chunks of flesh


   Skills:
 + Level 8.0 Fighting
 + Level 10.1 Polearms
 * Level 6.8 Armour
 + Level 9.1 Dodging
 - Level 2.1 Stealth
 * Level 9.5 Invocations
 + Level 1.9 Evocations


You had 10 spell levels left.
You didn't know any spells.

Dungeon Overview and Level Annotations

Branches:
Dungeon (10/15)            Temple (1/1) D:6            Lair (0/6) D:8
    Orc: D:9-12

Altars:
Ashenzari
Cheibriados
Dithmenos
Elyvilon
Fedhas
Gozag
Hepliaklqana
Kikubaaqudgha
Makhleb
Nemelex Xobeh
Okawaru
Qazlal
Ru
Sif Muna
Trog
Uskayaw
Vehumet
Xom
Yredelemnul
Zin
The Shining One

Shops:
D:10 %

Annotations:
D:9 Psyche


Message History

The frost giant hits you but does no damage.
The frost giant hits epln the sprigter with a battleaxe of freezing!
The frost giant freezes epln the sprigter.
As you read the scroll of teleportation, it crumbles to dust.
You feel strangely unstable. The wasp stings you but does no damage.
The wraith closely misses you.
Epln the sprigter hits the wraith with a dagger of draining.
The wasp stings you!
You feel as though you will be slow longer.
The frost giant barely misses you.
The frost giant hits epln the sprigter with a battleaxe of freezing!
Epln the sprigter casts a spell at the wraith.
The wraith resists with almost no effort.
The wraith hits epln the sprigter.
The wasp stings epln the sprigter! x2
Epln the sprigter is destroyed!
The frost giant hits you with a battleaxe of freezing!!
* * * LOW HITPOINT WARNING * * *
The frost giant freezes you!
You die...

### # # ## #####.# .#.##>
## # .....# #.#.> #.# .#.
..... #.#.##>.##.. ###..#
#.#..#..#.#..
####....###........#....
...................#.....
####C@.###.....#.#....
#..## ##...#....... #yW#
#........... #..#
##...........
.##...###............
..........()........#
##....)..()†.......#
..#........(........#
#.........#####....


You could see a frost giant, a wraith (unaware) and a wasp.

Vanquished Creatures
  A great orb of eyes (D:10)
  Pikel (D:7)
  The ghost of Raptor the Zephyrmancer, a novice TeAE (D:6)
  Prince Ribbit (D:8)
  A two-headed ogre (D:10)
  A wraith (D:10)
  6 yaks (D:9)
  A hippogriff (D:10)
  A water moccasin (D:6)
  A sky beast (D:10)
  An orc warrior (D:6)
  A phantom (D:4)
  2 ice beasts (D:8)
  An eye of draining (D:10)
  2 centaurs
  6 giant frogs
  A wyvern skeleton (D:8)
  2 scorpions
  9 killer bees
  5 howler monkeys
  4 crimson imps
  3 orc priests
  3 hounds
  A centaur skeleton (D:10)
  A giant frog skeleton (D:6)
  2 jellies
  3 orc wizards
  5 worker ants
  A hound zombie (D:6)
  A howler monkey skeleton (D:7)
  5 gnolls
  9 adders
  3 shadow imps
  An ooze (D:3)
  An adder skeleton (D:8)
  2 worms
  A giant gecko (D:6)
  10 orcs
  5 bats
  3 giant cockroaches
  3 goblins
  12 hobgoblins
  2 jackals (D:6)
  8 kobolds
  3 quokkas
  A ball python (D:6)
  A giant gecko skeleton (D:6)
  5 giant newts
  A quokka skeleton (D:5)
  15 rats
160 creatures vanquished.

Vanquished Creatures (collateral kills)
  Erica (D:9)
  A kobold demonologist (D:6)
  A black bear (D:6)
  A necrophage (D:7)
  A centaur (D:7)
  A big kobold (D:7)
  A giant frog (D:10)
  A killer bee (D:8)
  6 orc wizards
  A centaur skeleton (D:6)
  2 worker ants
  A gnoll (D:3)
  3 adders
  An ooze (D:6)
  2 worms (D:2)
  A dart slug (D:2)
  7 orcs
  A giant cockroach (D:2)
  A hobgoblin (D:2)
  A jackal (D:6)
  A kobold (D:7)
  2 bats
  2 rats (D:3)
40 creatures vanquished.

Vanquished Creatures (others)
  2 slaves (D:7)
  4 hexers
  An adder (D:7)
  A kobold (D:7)
  12 plants (D:10)
20 creatures vanquished.

Grand Total: 220 creatures vanquished

Notes
Turn   | Place    | Note
-------+----------+-------------------------------------------
     0 | D:1      | epen the Merfolk Monk began the quest for the Orb.
     0 | D:1      | Reached XP level 1. HP: 18/18 MP: 1/1
   298 | D:1      | Reached XP level 2. HP: 24/24 MP: 2/2
   665 | D:2      | Found a hazy altar of Hepliaklqana.
   677 | D:2      | Became a worshipper of Hepliaklqana
   677 | D:2      | Reached * piety under Hepliaklqana
   677 | D:2      | Reached ** piety under Hepliaklqana
   681 | D:2      | Reached skill level 1 in Armour
   682 | D:2      | Remembered your ancestor epln the sprigter as a hexer
   698 | D:2      | Reached XP level 3. HP: 20/26 MP: 3/3
   980 | D:2      | HP: 1/26 [adder (2)]
  1220 | D:2      | Reached XP level 4. HP: 33/33 MP: 4/4
  1541 | D:3      | Reached skill level 5 in Polearms
  1708 | D:3      | Reached *** piety under Hepliaklqana
  1785 | D:3      | Noticed a giant frog
  1805 | D:3      | Killed a giant frog
  1805 | D:3      | Reached skill level 1 in Invocations
  1805 | D:3      | Reached XP level 5. HP: 4/37 MP: 5/5
  2198 | D:3      | Reached XP level 6. HP: 44/44 MP: 7/7
  2857 | D:4      | Reached skill level 5 in Dodging
  2948 | D:4      | Reached **** piety under Hepliaklqana
  2999 | D:4      | Noticed a phantom
  3013 | D:4      | Killed a phantom
  3013 | D:4      | Reached XP level 7. HP: 34/49 MP: 9/9
  3370 | D:5      | Entered Level 5 of the Dungeon
  3663 | D:5      | Found a glowing golden altar of the Shining One.
  4142 | D:6      | Reached skill level 6 in Polearms
  4163 | D:6      | Found a staircase to the Ecumenical Temple.
  4289 | D:6      | Noticed Raptor's ghost (novice TeAE)
  4302 | D:6      | Killed Raptor's ghost
  4302 | D:6      | Reached skill level 5 in Fighting
  4462 | D:6      | Reached XP level 8. HP: 45/55 MP: 11/11
  4561 | D:6      | Noticed a kobold demonologist
  4564 | D:6      | Noticed an orange demon
  4564 | D:6      | Noticed a smoke demon
  4570 | D:6      | Noticed an orange demon
  4573 | D:6      | Noticed a smoke demon
  4573 | D:6      | Killed a kobold demonologist
  4573 | D:6      | Reached skill level 5 in Invocations
  4749 | D:6      | Reached ***** piety under Hepliaklqana
  5093 | D:6      | Reached skill level 7 in Polearms
  5254 | Temple   | Entered the Ecumenical Temple
  5407 | D:6      | Found a shimmering altar of Xom.
  5728 | D:6      | Reached XP level 9. HP: 24/62 MP: 13/13
  6697 | D:7      | Noticed Pikel
  7100 | D:6      | Got a spiked plate armour
  7116 | D:6      | Identified the +9 plate armour "Yviam" {rCorr Str-4 Int+2} (You took it off an orc on level 6 of the Dungeon)
  7237 | D:7      | Killed Pikel
  7237 | D:7      | Reached skill level 8 in Polearms
  7237 | D:7      | Reached skill level 5 in Armour
  7923 | D:7      | Found a bloodstained altar of Trog.
  8879 | D:8      | Reached XP level 10. HP: 64/69 MP: 15/15
  9511 | D:8      | Reached skill level 9 in Polearms
  9614 | D:8      | Noticed Prince Ribbit
  9628 | D:8      | Killed Prince Ribbit
  9720 | D:8      | Found a staircase to the Lair.
 10013 | D:9      | Found an ancient bone altar of Kikubaaqudgha.
 10253 | D:9      | Noticed Psyche
 10254 | D:9      | Noticed Erica
 10272 | D:9      | Killed Erica
 10903 | D:10     | Entered Level 10 of the Dungeon
 10999 | D:10     | Found Nevvyclu's Food Emporium.
 11032 | D:10     | Reached skill level 1 in Evocations
 11071 | D:10     | Reached XP level 11. HP: 62/77 MP: 7/17
 11113 | D:10     | Reached skill level 10 in Polearms
 11131 | D:10     | Noticed a great orb of eyes
 11138 | D:10     | Killed a great orb of eyes
 11140 | D:10     | Noticed a frost giant
 11143 | D:10     | Mangled by a frost giant

Vault maps used:
D:1:      dpeg_arrival_simpleton_b, minmay_misc_feat_x
D:2:      old_standard_altar, first_bread, minmay_rat_gold_closets
D:3:      minmay_misc_feat_rows
D:4:      kennysheep_flooded_box
D:5:      tso_oasis_becter
D:6:      kennysheep_big_flooded_room, basic_altar
D:7:      trog_book, uniq_pikel
D:8:      lair_0_dummy, uniq_prince_ribbit1
D:9:      kiku_gazebo_pond_becter, uniq_psyche, uniq_erica
D:10:     orc_0_dummy, serial_shops, shop, minmay_the_grid_3x2
Temple:   hc_temple_tempest_star

Skill      XL: |  1  2  3  4  5  6  7  8  9 10 11 |
---------------+----------------------------------+-----
Armour         | 1 2 3 4 5 6 |  6.8
Fighting       | 4 5 6 7 8 |  8.0
Polearms       | 5 6 7 8 9 10 | 10.1
Invocations    | 1 2 3 4 5 7 9 |  9.5
Dodging        | 5 6 7 8 9 |  9.1
Evocations     | 1 |  1.9
Stealth        | |  2.1

Action                   |  1- 3 |  4- 6 |  7- 9 | 10-12 || total
-------------------------+-------+-------+-------+-------++-------
Melee: Spear             |    99 |   145 |       |       ||   244
       Halberd           |       |    32 |   360 |   244 ||   636
Invok: Ancestor Identity |     1 |     1 |       |       ||     2
       Ancestor Life: He |     1 |       |       |       ||     1
  Use: Potion            |     2 |       |     4 |       ||     6
       Scroll            |       |       |    16 |     3 ||    19
 Stab: Sleeping          |    10 |     8 |     2 |       ||    20
       Confused          |       |     3 |     5 |     2 ||    10
       Distracted        |       |       |     3 |     4 ||     7
  Eat: Chunk             |     1 |     6 |    14 |     6 ||    27
       Meat ration       |       |       |     1 |       ||     1
       Pizza             |       |       |       |     1 ||     1
Armor: Robe              |     3 |     4 |    17 |       ||    24
       Plate armour      |       |       |   165 |   179 ||   344
Dodge: Dodged            |    35 |    71 |   232 |    68 ||   406
